 Dungeon Crawl Stone Soup version 0.27.1-34-g3ba077fa99 (webtiles) character file.

Game seed: 4876002937272433839

1253 pkoi the Martial Artist (level 8, -2/66 HPs)
             Began as a Pale Draconian Monk on Jan 17, 2022.
             Slain by a kobold brigand (3 damage)
             ... on level 4 of the Dungeon.
             The game lasted 00:09:31 (8811 turns).

pkoi the Martial Artist (Pale Draconian Monk)       Turns: 8811, Time: 00:09:32

Health: -2/66      AC:  9    Str: 14    XL:     8   Next: 26%
Magic:  0/8        EV: 13    Int: 12    God:
Gold:   170        SH:  0    Dex: 14    Spells: 7/7 levels left

rFire    + . .     SeeInvis .     - Unarmed
rCold    . . .     Faith    .   (no shield)
rNeg     . . .     Spirit   +   (armour unavailable)
rPois    .         Reflect  .   (helmet restricted)
rElec    .         Harm     .   b - +0 cloak
rCorr    .         Rampage  .   a - +1 pair of gloves
Will     .....                  (no boots)
Stlth    ++........             k - amulet of guardian spirit
HPRegen  0.21/turn              r - ring of protection from fire
MPRegen  0.11/turn              (no ring)

@: short of breath
A: breathe steam, AC +6, unfitting armour, cold-blooded, steam resistance
a: Breathe Steam


You were on level 4 of the Dungeon.
You visited 1 branch of the dungeon, and saw 5 of its levels.

You collected 170 gold pieces.

Inventory:

Hand Weapons
 e - a +3 dagger of venom
 f - a +3 dagger
 g - a +3 whip
Missiles
 d - 14 boomerangs (quivered)
 n - 4 poisoned darts
 o - 5 boomerangs of dispersal
Armour
 a - a +1 pair of gloves (worn)
 b - a +0 cloak (worn)
Jewellery
 k - an amulet of guardian spirit (around neck)
 r - a ring of protection from fire (left hand)
Wands
 c - a wand of charming (18)
 h - a wand of iceblast (14)
 j - a wand of digging (7)
 q - a wand of flame (17)
Scrolls
 s - a scroll of identify
 t - a scroll of teleportation
Potions
 i - 2 potions of cancellation
 l - a potion of might
 m - a potion of flight
 p - a potion of magic


   Skills:
 - Level 4.0 Fighting
 - Level 3.0 Dodging
 - Level 1.7 Stealth
 + Level 8.4 Unarmed Combat
 - Level 6.0 Evocations


You had 7 spell levels left.
You didn't know any spells.
Your spell library contained the following spells:

 Spells                   Type           Power      Damage    Failure   Level
 Stone Arrow              Conj/Erth      0%         3d7       69%         3
 Passage of Golubria      Tloc           N/A        N/A       97%         4
 Silence                  Hex/Air        0%         N/A       100%        5
 Lehudib's Crystal Spear  Conj/Erth      0%         10d2      100%        8
 Animate Armour           Summ/Erth      Unusable   N/A       N/A         4

Dungeon Overview and Level Annotations

Branches:
Dungeon (5/15)
 Temple: D:4-7

Altars:

Shops:
D:5 [?


Innate Abilities, Weirdness & Mutations

You can breathe blasts of scalding, opaque steam.
Your pale cyan-grey scales are hard. (AC +6)
You cannot fit into any form of body armour.
You are cold-blooded and may be slowed by cold attacks.
You are immune to the effects of steam.


Message History

* * * LOW HITPOINT WARNING * * *
The gnoll sergeant hits you with a +0 spear!
* * * LOW HITPOINT WARNING * * *
You closely miss the kobold brigand.
The kobold brigand is moderately wounded.
You feel yourself speed up. The kobold brigand closely misses you.
The gnoll sergeant hits you with a +0 spear.
* * * LOW HITPOINT WARNING * * *
The kobold brigand misses you.
You hit the kobold brigand but do no damage.
The kobold brigand is moderately wounded.
The gnoll sergeant hits you with a +0 spear.
* * * LOW HITPOINT WARNING * * *
The kobold brigand misses you.
Unknown command.
You hit the gnoll sergeant.
You kill the gnoll sergeant!
The kobold brigand hits you with a +0 short sword!
* * * LOW HITPOINT WARNING * * *
Unknown command.
You hit the kobold brigand but do no damage.
The kobold brigand looks even sicker.
You tail-slap the kobold brigand, but do no damage.
The kobold brigand is moderately wounded.
The kobold brigand hits you with a +0 short sword.
* * * LOW HITPOINT WARNING * * *
Unknown command.
Okay, then.
Unknown command.
Your +3 dagger of venom stops dripping with poison.
You are now empty-handed.
Press: ? - help, Shift-Dir - straight line, f - kobold brigand
Aim: a kobold brigand, wielding a +0 short sword and quivering curare-tipped darts (moderately wounded, very poisoned)
You exhale a blast of scalding steam.
The ball of steam hits the kobold brigand.
The kobold brigand is heavily wounded.
The kobold brigand is engulfed in a cloud of scalding steam.
The kobold brigand hits you with a +0 short sword.
You die...

# ##..###..###...#..#..###..# #.
####..## #....#.........# #..###.
##...## #.............## #...##.
.....# #..##..####..## #...#..
.....# #..##.## ##.#####......
.....## ##.##..# #.........###
......###..##..# ##....###.## #
.......#)..#...#####......##.#
................@.#..........#
........####.##.K)....##.....#
.....)...###..#.ยง..#..###....#
....)..........#..##..# ##..)#
..................##..#####..# #
..................##....###..## #
................).............###
...............................#.
#...........................##...


You could see a kobold brigand (very poisoned).

Vanquished Creatures
  Grinder (D:3)
  Duvessa (D:5)
  An ogre (D:5)
  A phantom (D:4)
  A scorpion (D:5)
  A gnoll sergeant (D:4)
  Dowan (D:5)
  A wyvern skeleton (D:5)
  A hound (D:4)
  2 jellies (D:5)
  3 orc priests
  A bullfrog skeleton (D:5)
  Terence (D:3)
  3 orc wizards
  2 hound skeletons (D:4)
  Robin (D:3)
  3 gnolls (D:2)
  5 adders
  An ufetubus (D:4)
  A worm (D:3)
  A dart slug (D:3)
  23 orcs
  7 bats
  6 endoplasms
  A giant cockroach (D:2)
  20 goblins
  8 hobgoblins
  3 jackals (D:2)
  4 quokkas
  9 ball pythons
  6 frilled lizards
  7 kobolds
  5 rats
  2 bushes (D:2)
134 creatures vanquished.

Vanquished Creatures (others)
  A ball python (D:2)
  A fungus (D:2)
  9 plants (D:2)
11 creatures vanquished.

Grand Total: 145 creatures vanquished

Notes
Turn   | Place    | Note
-------+----------+-------------------------------------------
     0 | D:1      | pkoi the Draconian Monk began the quest for the Orb.
     0 | D:1      | Reached XP level 1. HP: 19/19 MP: 1/1
   373 | D:1      | Reached XP level 2. HP: 25/26 MP: 2/2
  1211 | D:2      | Reached skill level 4 in Unarmed Combat
  1713 | D:2      | Reached XP level 3. HP: 31/31 MP: 3/3
  2409 | D:2      | Reached skill level 5 in Unarmed Combat
  2409 | D:2      | Reached XP level 4. HP: 15/38 MP: 4/4
  3146 | D:2      | Found a faded altar of an unknown god.
  3914 | D:3      | Noticed Robin
  3959 | D:3      | Killed Robin
  3960 | D:3      | Reached skill level 1 in Evocations
  4322 | D:3      | Reached XP level 5. HP: 45/45 MP: 5/5
  4332 | D:3      | Noticed Grinder
  4367 | D:3      | Killed Grinder
  4368 | D:3      | Reached skill level 6 in Unarmed Combat
  4368 | D:3      | Reached XP level 6. HP: 32/51 MP: 6/6
  4573 | D:3      | Noticed Terence
  4656 | D:3      | Killed Terence
  5854 | D:4      | Your scales start taking on a pale cyan-grey colour.
  5854 | D:4      | Reached XP level 7. HP: 48/58 MP: 7/7
  5854 | D:4      | Gained mutation: You are immune to the effects of steam.
                  | [Pale Draconian growth]
  6715 | D:5      | Entered Level 5 of the Dungeon
  7386 | D:4      | Reached skill level 7 in Unarmed Combat
  7684 | D:5      | Reached skill level 5 in Evocations
  7874 | D:5      | Found Suddivoco's Antique Armour Shoppe.
  8064 | D:5      | Noticed Duvessa
  8065 | D:5      | Noticed Dowan
  8095 | D:5      | Killed Duvessa
  8096 | D:5      | Reached XP level 8. HP: 50/66 MP: 6/8
  8102 | D:5      | Killed Dowan
  8103 | D:5      | Reached skill level 8 in Unarmed Combat
  8208 | D:5      | Found Capappoz's Magic Scroll Emporium.
  8297 | D:4      | HP: 3/66 [hound (1)]
  8809 | D:4      | HP: 1/66 [kobold brigand (3)]
  8811 | D:4      | Slain by a kobold brigand

Illustrated notes

Levels and vault maps discovered:
D:1:      saegor_arrival_under_anarchy, layout_loops_corners, serial_forest,
          infiniplex_forest_lined_3, infiniplex_forest_end_2,
          infiniplex_forest_clump_curved, infiniplex_forest_end_3,
          infiniplex_forest_lined_4_way, infiniplex_forest_fountain,
          infiniplex_forest_straight_2, infiniplex_forest_straight_4,
          infiniplex_forest_straight_5
D:2:      layout_basic, shapermc_ecumenical_altar_petra, serial_forest,
          infiniplex_forest_end_3, infiniplex_forest_lined_4_way,
          infiniplex_forest_clump_C, infiniplex_forest_clump_tiny,
          infiniplex_forest_side_room, infiniplex_forest_lined_1,
          infiniplex_forest_straight_3, minmay_misc_feat_secret_circle,
          due_unseen_surprise
D:3:      layout_basic, minmay_circle_x, uniq_terence, uniq_grinder, uniq_robin
D:4:      layout_layer_cave
D:5:      layout_loops_ring, temple_pool_b, serial_shops,
          nicolae_shop_temple_entry_statues_fountains,
          nicolae_inconvenience_store, dk_vineyard_3,
          hangedman_abyss_or_decor_jellyfish_corner,
          minmay_manual_mandibuliform, uniq_duvessa

Skill      XL: |  1  2  3  4  5  6  7  8 |
---------------+-------------------------+-----
Unarmed Combat | 4 5 6 7 8 |  8.4
Evocations     | 1 3 5 6 |  6.0
Dodging        | 3 |  3.0
Fighting       | 4 |  4.0
Stealth        | |  1.7

Action                   |  1- 3 |  4- 6 |  7- 9 || total
-------------------------+-------+-------+-------++-------
Melee: Unarmed           |    65 |       |    52 ||   117
       Tailslap          |     8 |    57 |    27 ||    92
       Dagger            |    47 |   274 |    88 ||   409
       Punch             |     1 |     9 |     7 ||    17
 Abil: Breathe Steam     |       |       |     3 ||     3
Evoke: Wand              |     1 |       |     1 ||     2
  Use: Scroll            |     1 |     3 |     5 ||     9
       Potion            |       |     3 |       ||     3
 Stab: Sleeping          |     4 |     7 |     4 ||    15
       Distracted        |       |     1 |       ||     1
Armor: Skin              |    25 |    56 |    41 ||   122
Dodge: Dodged            |    91 |    92 |    95 ||   278
